General information
- name: BNet
- type: Ladder team game (AT/RT)
- host: Battle.net
- saver: YouWillAllDie
map: Slalom
- players: 8
- length: 59:45
- speed: Fast
- version: 1.26 W3XP
- replay type: Public
» download(306 KB)
Players
team 1 (winner)
damimdead (
red | 66 APM | 3951 actions | 59:44)
7 Archmage
3 Summon Water Elemental
2 Brilliance Aura
1 Blizzard
1 Mass Teleport
7 Paladin
2 Divine Shield
2 Holy Light
2 Devotion Aura
1 Resurrection
5 Blood Mage
3 Flame Strike
2 Banish
» actions
| Assign group hotkey | 59 | |
| Basic commands | 63 | |
| Build / train | 172 | |
| ESC pressed | 6 | |
| Enter build submenu | 67 | |
| Enter hero's abilities submenu | 21 | |
| Give item / drop item | 9 | |
| Right click | 1610 | |
| Select / deselect | 763 | |
| Select group hotkey | 919 | |
| Use ability | 262 | |
3951 total
» units
| Peasant | 35 | |
| Footman | 9 | |
| Dragonhawk Rider | 3 | |
| Gryphon Rider | 16 | |
| Priest | 5 | |
| Sorceress | 4 | |
| Spell Breaker | 1 | |
73 total
» upgrades
| Defend | 1 | |
| Backpack | 1 | |
| Masonry | 2 | |
| Swords | 3 | |
| Armor | 3 | |
| Plating | 1 | |
| Lumber Harvesting | 2 | |
| Storm Hammers | 1 | |
| Cloud | 1 | |
| Animal War Training | 1 | |
| Priest Training | 1 | |
17 total
» buildings
| Farm | 11 | |
| Barracks | 2 | |
| Scout Tower | 36 | |
| Altar of Kings | 1 | |
| Arcane Vault | 1 | |
| Lumber Mill | 1 | |
| Arcane Tower | 3 | |
| Town Hall | 5 | |
| Guard Tower | 26 | |
| Blacksmith | 1 | |
| Keep | 2 | |
| Castle | 1 | |
| Gryphon Aviary | 4 | |
| Arcane Sanctum | 1 | |
95 total
» build order
00:53 Farm
01:53 Farm
01:54 Farm
01:56 Barracks
02:08 Farm
02:10 Barracks
02:55 Scout Tower
03:09 Altar of Kings
04:08 Farm
04:26 Arcane Vault
04:54 Scout Tower
04:58 Scout Tower
05:00 Farm
06:12 Lumber Mill
07:00 Arcane Tower
07:00 Arcane Tower
07:07 Town Hall
07:37 Scout Tower
07:43 Scout Tower
07:59 Scout Tower
08:02 Scout Tower
08:06 Guard Tower
08:08 Scout Tower
08:12 Scout Tower
08:14 Scout Tower
08:14 Scout Tower
08:19 Guard Tower
08:31 Guard Tower
08:35 Blacksmith
08:49 Guard Tower
09:25 Guard Tower
09:43 Arcane Tower
09:54 Scout Tower
09:55 Keep
09:55 Keep
10:33 Guard Tower
10:36 Farm
10:38 Scout Tower
10:39 Scout Tower
11:28 Scout Tower
11:30 Scout Tower
11:57 Guard Tower
12:00 Guard Tower
12:12 Guard Tower
13:26 Castle
13:29 Gryphon Aviary
14:07 Gryphon Aviary
14:14 Gryphon Aviary
14:54 Arcane Sanctum
15:01 Gryphon Aviary
15:21 Town Hall
15:23 Scout Tower
15:26 Scout Tower
15:27 Scout Tower
15:29 Scout Tower
15:30 Scout Tower
15:32 Scout Tower
15:34 Scout Tower
15:59 Scout Tower
16:01 Guard Tower
16:33 Guard Tower
16:35 Scout Tower
16:42 Scout Tower
16:43 Scout Tower
17:32 Farm
17:36 Guard Tower
17:39 Scout Tower
18:09 Farm
18:14 Farm
18:19 Guard Tower
18:20 Guard Tower
18:22 Scout Tower
18:28 Guard Tower
18:30 Scout Tower
18:30 Scout Tower
18:59 Guard Tower
19:00 Guard Tower
19:02 Scout Tower
19:04 Guard Tower
19:15 Scout Tower
19:29 Farm
19:44 Scout Tower
19:45 Guard Tower
19:57 Guard Tower
19:57 Guard Tower
22:02 Guard Tower
22:48 Scout Tower
25:56 Guard Tower
27:07 Town Hall
30:05 Town Hall
30:36 Scout Tower
32:00 Guard Tower
39:50 Town Hall
» items
| Scroll of Regeneration | 11 | |
| Orb of Fire | 1 | |
| Orb of Venom | 2 | |
| Potion of Healing | 1 | |
| Scroll of Town Portal | 2 | |
| Anti-magic Potion | 1 | |
| Circlet of Nobility | 1 | |
| Periapt of Vitality | 1 | |
20 total

»
Water.Wings (
green | 20 APM | 1172 actions | 59:45)
7 Priestess of the Moon
3 Trueshot Aura
2 Scout
1 Starfall
1 Searing Arrows
5 Keeper of the Grove
2 Entangling Roots
3 Thorns Aura
» actions
| Assign group hotkey | 22 | |
| Basic commands | 45 | |
| Build / train | 68 | |
| Enter build submenu | 23 | |
| Enter hero's abilities submenu | 13 | |
| Remove unit from queue | 1 | |
| Right click | 321 | |
| Select / deselect | 361 | |
| Select group hotkey | 259 | |
| Use ability | 59 | |
1172 total
» units
| Wisp | 24 | |
| Chimaera | 12 | |
| Hippogryph | 8 | |
44 total
» upgrades
| Strength of the Wild | 3 | |
| Reinforced Hides | 3 | |
| Corrosive Breath | 1 | |
7 total
» buildings
| Moon Well | 8 | |
| Altar of Elders | 1 | |
| Tree of Ages | 1 | |
| Tree of Life | 2 | |
| Hunter's Hall | 1 | |
| Tree of Eternity | 1 | |
| Ancient of Wind | 2 | |
| Ancient of Wonders | 1 | |
| Chimaera Roost | 5 | |
22 total
» build order
00:14 Moon Well
00:18 Altar of Elders
02:05 Tree of Ages
02:40 Tree of Life
02:58 Hunter's Hall
04:01 Moon Well
04:03 Moon Well
04:26 Tree of Eternity
05:12 Ancient of Wind
05:47 Moon Well
06:00 Moon Well
06:38 Ancient of Wonders
07:17 Chimaera Roost
07:37 Chimaera Roost
08:20 Chimaera Roost
09:29 Chimaera Roost
09:43 Moon Well
10:26 Moon Well
10:44 Moon Well
19:11 Chimaera Roost
22:18 Ancient of Wind
27:14 Tree of Life
YouWillAllDie (
teal | 71 APM | 4257 actions | 59:45)
8 Archmage
3 Summon Water Elemental
3 Brilliance Aura
1 Mass Teleport
1 Blizzard
» actions
| Assign group hotkey | 123 | |
| Basic commands | 368 | |
| Build / train | 125 | |
| Enter build submenu | 63 | |
| Enter hero's abilities submenu | 8 | |
| Give item / drop item | 1 | |
| Remove unit from queue | 2 | |
| Right click | 1459 | |
| Select / deselect | 909 | |
| Select group hotkey | 1023 | |
| Use ability | 175 | |
4257 total
» units
| Peasant | 25 | |
| Footman | 4 | |
| Mortar Team | 10 | |
| Rifleman | 7 | |
| Dragonhawk Rider | 7 | |
| Gryphon Rider | 5 | |
58 total
» upgrades
| Lumber Harvesting | 2 | |
| Masonry | 3 | |
| Gunpowder | 3 | |
| Magic Sentry | 1 | |
| Fragmentation Shards | 1 | |
| Flare | 1 | |
| Long Rifles | 1 | |
| Armor | 3 | |
| Cloud | 1 | |
| Animal War Training | 1 | |
| Storm Hammers | 1 | |
| Swords | 3 | |
| Barrage | 1 | |
| Flak Cannons | 1 | |
| Flying Machine Bombs | 1 | |
| Plating | 1 | |
| Backpack | 1 | |
| Defend | 1 | |
27 total
» buildings
| Altar of Kings | 1 | |
| Barracks | 3 | |
| Farm | 11 | |
| Town Hall | 4 | |
| Keep | 1 | |
| Lumber Mill | 4 | |
| Arcane Vault | 2 | |
| Scout Tower | 25 | |
| Guard Tower | 8 | |
| Castle | 1 | |
| Arcane Tower | 2 | |
| Arcane Sanctum | 1 | |
| Blacksmith | 2 | |
| Workshop | 3 | |
| Gryphon Aviary | 7 | |
75 total
» build order
00:45 Altar of Kings
00:52 Barracks
00:55 Farm
01:09 Farm
01:12 Farm
02:01 Farm
04:18 Town Hall
04:22 Keep
04:40 Lumber Mill
05:21 Arcane Vault
05:32 Scout Tower
05:32 Scout Tower
05:35 Scout Tower
05:38 Scout Tower
05:40 Scout Tower
06:22 Guard Tower
08:30 Town Hall
09:00 Castle
10:02 Scout Tower
10:03 Scout Tower
10:04 Scout Tower
10:05 Scout Tower
10:10 Arcane Tower
10:15 Arcane Sanctum
10:41 Blacksmith
10:47 Guard Tower
12:25 Workshop
12:26 Workshop
12:27 Workshop
14:32 Lumber Mill
14:35 Scout Tower
14:35 Scout Tower
14:36 Scout Tower
14:39 Scout Tower
14:40 Scout Tower
14:42 Scout Tower
15:44 Farm
15:44 Farm
15:45 Farm
15:46 Farm
15:48 Scout Tower
17:02 Barracks
17:03 Barracks
17:30 Arcane Tower
18:05 Gryphon Aviary
18:31 Gryphon Aviary
19:12 Guard Tower
19:13 Guard Tower
19:32 Gryphon Aviary
22:28 Farm
22:28 Farm
22:28 Farm
25:49 Town Hall
27:45 Scout Tower
28:04 Arcane Vault
28:22 Guard Tower
28:45 Town Hall
29:25 Scout Tower
29:26 Scout Tower
29:26 Scout Tower
29:28 Scout Tower
29:28 Scout Tower
29:29 Scout Tower
29:29 Scout Tower
30:04 Guard Tower
30:28 Guard Tower
30:43 Lumber Mill
30:47 Lumber Mill
30:52 Guard Tower
31:30 Gryphon Aviary
31:30 Gryphon Aviary
31:30 Gryphon Aviary
31:35 Gryphon Aviary
32:13 Blacksmith
» items
| Scroll of Regeneration | 8 | |
| Lesser Clarity Potion | 1 | |
| Scroll of Town Portal | 4 | |
| Potion of Healing | 4 | |
17 total
team 2 (loser)

»
BiNkz. (
orange | 29 APM | 741 actions | 25:43)
6 Death Knight
2 Death Coil
3 Unholy Aura
1 Animate Dead
» actions
| Basic commands | 5 | |
| Build / train | 46 | |
| Enter build submenu | 19 | |
| Enter hero's abilities submenu | 6 | |
| Give item / drop item | 3 | |
| Right click | 359 | |
| Select / deselect | 250 | |
| Use ability | 53 | |
741 total
» units
| Acolyte | 10 | |
| Ghoul | 6 | |
| Frost Wyrm | 6 | |
22 total
» upgrades
| Creature Attack | 3 | |
| Creature Carapace | 3 | |
| Ghoul Frenzy | 1 | |
| Freezing Breath | 1 | |
8 total
» buildings
| Ziggurat | 9 | |
| Graveyard | 1 | |
| Altar of Darkness | 1 | |
| Crypt | 2 | |
| Tomb of Relics | 1 | |
| Necropolis | 2 | |
| Halls of the Dead | 1 | |
| Black Citadel | 1 | |
| Sacrificial Pit | 1 | |
| Boneyard | 3 | |
22 total
» build order
01:30 Ziggurat
01:34 Ziggurat
01:39 Graveyard
01:43 Altar of Darkness
01:48 Crypt
01:53 Crypt
02:29 Ziggurat
03:13 Tomb of Relics
03:30 Ziggurat
06:16 Necropolis
06:31 Halls of the Dead
09:01 Ziggurat
09:03 Ziggurat
09:04 Ziggurat
09:05 Ziggurat
10:04 Black Citadel
10:08 Sacrificial Pit
12:35 Boneyard
12:36 Boneyard
12:37 Boneyard
17:58 Necropolis
18:04 Ziggurat
» items
| Rod of Necromancy | 1 | |
| Potion of Healing | 1 | |
| Orb of Corruption | 2 | |
| Boots of Speed | 2 | |
| Potion of Lesser Invulnerability | 1 | |
7 total

»
mcesh (
purple | 42 APM | 1100 actions | 26:12)
4 Priestess of the Moon
2 Trueshot Aura
2 Searing Arrows
7 Dark Ranger
3 Black Arrow
3 Life Drain
1 Charm
» actions
| Assign group hotkey | 18 | |
| Basic commands | 73 | |
| Build / train | 127 | |
| Enter build submenu | 22 | |
| Enter hero's abilities submenu | 11 | |
| Give item / drop item | 5 | |
| Remove unit from queue | 3 | |
| Right click | 343 | |
| Select / deselect | 446 | |
| Select group hotkey | 7 | |
| Use ability | 44 | |
1100 total
» units
| Wisp | 24 | |
| Archer | 27 | |
| Dryad | 16 | |
| Druid of the Talon | 4 | |
71 total
» upgrades
| Ultravision | 1 | |
| Strength of the Moon | 3 | |
| Moon Armor | 2 | |
| Improved Bows | 1 | |
| Strength of the Wild | 3 | |
| Abolish Magic | 1 | |
| Druid of the Talon Training | 2 | |
| Marksmanship | 1 | |
| Backpack | 1 | |
| Mark of the Talon | 1 | |
| Reinforced Hides | 1 | |
17 total
» buildings
| Altar of Elders | 1 | |
| Moon Well | 9 | |
| Ancient of War | 1 | |
| Hunter's Hall | 1 | |
| Ancient of Wonders | 1 | |
| Tree of Ages | 2 | |
| Tree of Life | 1 | |
| Ancient of Lore | 2 | |
| Ancient of Wind | 1 | |
| Tree of Eternity | 2 | |
| Ancient Protector | 3 | |
24 total
» build order
00:22 Altar of Elders
00:27 Moon Well
00:37 Ancient of War
01:43 Moon Well
02:37 Hunter's Hall
02:59 Moon Well
03:16 Ancient of Wonders
04:13 Moon Well
05:23 Tree of Ages
06:12 Tree of Life
07:27 Moon Well
09:15 Ancient of Lore
11:16 Ancient of Lore
11:19 Ancient of Wind
11:26 Tree of Eternity
11:26 Tree of Eternity
13:01 Moon Well
15:52 Moon Well
16:42 Moon Well
17:17 Ancient Protector
17:19 Ancient Protector
17:22 Ancient Protector
18:55 Moon Well
» items
| Boots of Speed | 4 | |
| Scroll of Town Portal | 2 | |
| Orb of Venom | 2 | |
| Potion of Healing | 1 | |
9 total
LordaeronSucksD (
pink | 64 APM | 3827 actions | 59:44)
10 Archmage
3 Summon Water Elemental
3 Brilliance Aura
1 Mass Teleport
3 Blizzard
1 Death Knight
1 Death Coil
» actions
| Assign group hotkey | 53 | |
| Basic commands | 183 | |
| Build / train | 111 | |
| ESC pressed | 12 | |
| Enter build submenu | 44 | |
| Enter hero's abilities submenu | 11 | |
| Give item / drop item | 7 | |
| Remove unit from queue | 4 | |
| Right click | 1733 | |
| Select / deselect | 655 | |
| Select group hotkey | 862 | |
| Use ability | 152 | |
3827 total
» units
| Peasant | 21 | |
| Footman | 5 | |
| Gryphon Rider | 16 | |
| Frost Wyrm | 1 | |
| Dragonhawk Rider | 7 | |
50 total
» upgrades
| Swords | 3 | |
| Lumber Harvesting | 1 | |
| Storm Hammers | 1 | |
| Animal War Training | 1 | |
| Masonry | 3 | |
| Armor | 3 | |
| Cloud | 1 | |
| Nature's Blessing | 1 | |
| Well Spring | 1 | |
15 total
» buildings
| Altar of Kings | 1 | |
| Farm | 17 | |
| Barracks | 1 | |
| Keep | 3 | |
| Town Hall | 4 | |
| Lumber Mill | 1 | |
| Blacksmith | 1 | |
| Castle | 3 | |
| Gryphon Aviary | 5 | |
| Scout Tower | 4 | |
| Guard Tower | 5 | |
| Arcane Vault | 3 | |
| Spirit Tower | 1 | |
| Ancient Protector | 3 | |
52 total
» build order
00:06 Altar of Kings
00:15 Farm
00:37 Barracks
01:11 Farm
02:05 Farm
02:29 Keep
03:33 Farm
04:40 Town Hall
06:09 Lumber Mill
06:14 Blacksmith
07:02 Castle
08:01 Gryphon Aviary
08:03 Gryphon Aviary
08:28 Town Hall
09:24 Gryphon Aviary
09:27 Gryphon Aviary
11:56 Scout Tower
11:59 Scout Tower
12:01 Scout Tower
12:40 Guard Tower
12:53 Farm
12:59 Guard Tower
13:42 Farm
14:11 Farm
14:20 Guard Tower
15:26 Arcane Vault
17:39 Keep
18:30 Town Hall
18:49 Guard Tower
19:08 Farm
19:09 Farm
20:05 Castle
20:10 Scout Tower
22:21 Farm
22:22 Farm
22:58 Farm
23:42 Gryphon Aviary
29:23 Keep
29:39 Arcane Vault
31:15 Guard Tower
31:55 Castle
33:12 Town Hall
41:33 Spirit Tower
41:54 Farm
41:55 Farm
41:56 Farm
41:58 Farm
42:01 Farm
43:43 Arcane Vault
44:31 Ancient Protector
44:33 Ancient Protector
44:36 Ancient Protector
» items
| Periapt of Vitality | 1 | |
| Staff of Teleportation | 1 | |
| Potion of Healing | 3 | |
| Scroll of Regeneration | 5 | |
| Scroll of Town Portal | 3 | |
| Ivory Tower | 4 | |
| Scroll of Protection | 1 | |
18 total
htht (
yellow | 24 APM | 1127 actions | 47:48)
2 Blademaster
1 Wind Walk
1 Bladestorm
» actions
| Basic commands | 27 | |
| Build / train | 108 | |
| Enter build submenu | 53 | |
| Enter hero's abilities submenu | 2 | |
| Right click | 543 | |
| Select / deselect | 311 | |
| Use ability | 83 | |
1127 total
» units
| Peon | 23 | |
| Troll Headhunter/Berserker | 33 | |
| Shaman | 13 | |
| Frost Wyrm | 8 | |
77 total
» upgrades
| Armor | 3 | |
| Ranged Weapons | 3 | |
| Troll Regeneration | 1 | |
| Shaman Training | 2 | |
| Berserker Upgrade | 1 | |
| Melee Weapons | 2 | |
| Spiked Barricades | 2 | |
14 total
» buildings
| Orc Burrow | 8 | |
| War Mill | 2 | |
| Watch Tower | 33 | |
| Altar of Storms | 1 | |
| Great Hall | 3 | |
| Barracks | 1 | |
| Voodoo Lounge | 1 | |
| Stronghold | 2 | |
| Spirit Lodge | 1 | |
| Fortress | 2 | |
54 total
» build order
00:07 Orc Burrow
00:13 War Mill
01:09 Orc Burrow
02:34 Watch Tower
02:43 Watch Tower
03:11 Watch Tower
03:37 Watch Tower
04:07 Altar of Storms
04:41 Watch Tower
04:45 Watch Tower
05:18 Watch Tower
05:24 Watch Tower
05:33 Great Hall
05:39 Watch Tower
05:53 Watch Tower
06:25 Barracks
06:29 Voodoo Lounge
06:48 Orc Burrow
07:01 Watch Tower
07:58 Orc Burrow
08:07 Stronghold
08:34 Orc Burrow
08:39 Watch Tower
08:45 Orc Burrow
09:27 Orc Burrow
09:34 Orc Burrow
10:36 Spirit Lodge
10:47 Fortress
12:10 Great Hall
18:21 Great Hall
19:04 Stronghold
21:27 Fortress
23:55 Watch Tower
23:58 Watch Tower
24:03 Watch Tower
24:07 Watch Tower
29:57 Watch Tower
30:00 Watch Tower
30:03 Watch Tower
30:06 Watch Tower
30:09 Watch Tower
30:15 Watch Tower
30:19 Watch Tower
30:23 Watch Tower
30:28 Watch Tower
31:07 Watch Tower
31:11 War Mill
31:17 Watch Tower
31:23 Watch Tower
31:27 Watch Tower
31:35 Watch Tower
31:46 Watch Tower
31:51 Watch Tower
31:55 Watch Tower
» items
| Healing Salve | 1 | |
| Orb of Lightning | 1 | |
| Potion of Healing | 5 | |
| Scroll of Town Portal | 2 | |
| Staff of Teleportation | 1 | |
10 total
Chat log
(01:26 / Allies) Water.Wings: chims
(01:44 / Allies) Water.Wings: blue?
(02:14 / Allies) Water.Wings: whatcha doin' blue?
(03:07 / Allies) Water.Wings: stealing blues mine
(03:11 / Allies) Water.Wings: I don't trust him
(03:18 / Allies) YouWillAllDie: go ahead he is aretard
(03:23 / Allies) Water.Wings: lol
(03:29 / Allies) EyeAlwaysWin: wtf
(03:32 / Allies) EyeAlwaysWin: i was getting head
(03:35 / Allies) EyeAlwaysWin: from my girlfriend
(03:39 / Allies) EyeAlwaysWin: u fuckers
(03:43 / Allies) Water.Wings: leave and continue
(03:45 / Allies) Water.Wings: we don't mind
(04:13 / All) EyeAlwaysWin: guys there all here
(05:58 / Allies) EyeAlwaysWin: almopst got u teal
(06:04 / Allies) Water.Wings: :D
(06:08 / Allies) EyeAlwaysWin: LMAO
(06:39 / All) EyeAlwaysWin: GUYS THERE FLOODING GROUND UNITS
(08:00 / Allies) EyeAlwaysWin: wow
(08:05 / Allies) EyeAlwaysWin: u cant even kill him
(08:06 / Allies) EyeAlwaysWin: yall suck
(08:18 / Allies) EyeAlwaysWin: wow
(08:22 / Allies) EyeAlwaysWin: lmao!
(08:58 / Allies) Water.Wings: reckon it's wprth trying to use blue?
(09:05 / All) YouWillAllDie: lordaeron is incredible
(09:09 / Allies) YouWillAllDie: no
(09:11 / All) LordaeronSucksD: I agree
(09:16 / All) LordaeronSucksD: much more skilled than azeroth and northrend
(09:26 / All) mcesh: is it?
(09:44 / All) YouWillAllDie: Sure, *pats head* sure it is
(09:46 / All) YouWillAllDie: you guys are special
(13:09 / Allies) YouWillAllDie: red
(13:09 / Allies) YouWillAllDie: go
(13:10 / Allies) YouWillAllDie: red
(13:11 / Allies) YouWillAllDie: go
(13:14 / Allies) YouWillAllDie: my expo
(13:27 / Allies) YouWillAllDie: use defend
(13:58 / Allies) YouWillAllDie: go with those chims
(14:00 / Allies) YouWillAllDie: hit
(16:50 / Allies) damimdead: wood pl
(17:20 / Allies) YouWillAllDie: wood
(17:38 / All) BiNkz.: grren u noob lol
(18:22 / Allies) YouWillAllDie: wood
(18:23 / Allies) YouWillAllDie: wood
(18:24 / Allies) YouWillAllDie: wood
(18:33 / Allies) YouWillAllDie: ty!
(18:34 / Allies) Water.Wings: gold please
(18:51 / Allies) Water.Wings: thanks!
(20:41 / Allies) Water.Wings: fight
(21:24 / Allies) YouWillAllDie: stay
(21:27 / Allies) YouWillAllDie: stay!
(21:34 / Allies) Water.Wings: no aa
(21:37 / Allies) YouWillAllDie: out
(21:43 / Allies) YouWillAllDie: out
(21:44 / Allies) YouWillAllDie: out
(21:45 / Allies) YouWillAllDie: tp
(21:47 / All) htht: you guy suck dick
(21:51 / All) htht: espeilly freen
(21:53 / All) htht: hahahah
(21:54 / All) htht: green
(26:17 / Allies) Water.Wings: I need a mine
(29:41 / Allies) Water.Wings: teal, I need that mine
(29:45 / Allies) Water.Wings: I don't have one..
(30:09 / Allies) Water.Wings: can I please have some gold?
(30:36 / All) htht: pink
(30:37 / Allies) Water.Wings: gold please?
(30:40 / Allies) Water.Wings: trade for wood
(30:40 / All) htht: stay here
(30:43 / All) htht: defend
(30:46 / All) htht: lumber me
(31:04 / Allies) Water.Wings: guys?
(31:29 / All) htht: pink
(31:30 / All) htht: luber
(31:31 / Allies) YouWillAllDie: wood
(31:45 / Allies) Water.Wings: gold
(31:58 / Allies) Water.Wings: need to build main
(32:00 / All) htht: more
(32:01 / Allies) Water.Wings: gold please
(32:02 / All) htht: pink
(32:17 / Allies) Water.Wings: oi!
(32:18 / Allies) Water.Wings: please
(32:37 / All) htht: pink
(32:38 / Allies) Water.Wings: wtf guys?
(32:39 / All) htht: lumber
(33:10 / Allies) Water.Wings: gold please
(33:18 / Allies) Water.Wings: I need a mine
(33:48 / Allies) Water.Wings: I don't have enought gold!!
(33:52 / Allies) Water.Wings: please give me some gold!
(33:52 / All) htht: go
(33:54 / All) htht: now
(34:00 / All) htht: get their mine
(34:16 / All) htht: mine
(34:30 / Allies) Water.Wings: TEAL!!
(34:34 / Allies) Water.Wings: GIVE ME SOME GOLD PLEASE
(34:40 / All) Water.Wings: I have no mine and no units..
(34:41 / All) YouWillAllDie: I don't have much to spare
(34:48 / Allies) Water.Wings: 3
(34:52 / Allies) Water.Wings: 3k
(35:16 / All) htht: go
(35:23 / All) LordaeronSucksD: stfu
(35:23 / Allies) Water.Wings: why aren't you using your gold?
(35:33 / Allies) Water.Wings: we're about to get rolled because no one has any units..
(36:25 / All) htht: pink
(36:26 / All) htht: bootom
(36:26 / Allies) Water.Wings: teal, please tell me what you're doing...
(37:29 / All) htht: ahhahha
(37:31 / All) htht: what the fuck
(37:45 / Allies) Water.Wings: teal, spend your gold!
(37:53 / Allies) Water.Wings: get some units or give it to me please
(38:02 / Allies) YouWillAllDie: I only will pay attention to all chat
(38:08 / All) htht: all die
(38:10 / All) Water.Wings: can I please have some gold
(38:23 / All) YouWillAllDie: No, you may not.
(38:28 / All) htht: that what happen kill me pinjk
(38:28 / All) Water.Wings: why not?
(38:33 / All) htht: you team fucker
(38:58 / All) htht: hahahhaha
(38:58 / All) YouWillAllDie: Because, I am not running a charity.
(38:59 / All) htht: fucker
(39:02 / All) YouWillAllDie: I do not have nearly enough to spare.
(39:17 / All) Water.Wings: you're a prick
(39:27 / All) Water.Wings: play 1v1
(39:33 / All) YouWillAllDie: Well, some people may think that but we can't please all of the people all of the time
(39:36 / All) YouWillAllDie: Now can we?
(39:43 / All) htht: die
(39:45 / All) htht: pinkk
(39:47 / All) htht: ahahhahha
(39:47 / All) Water.Wings: ??
(39:54 / All) Water.Wings: we can't people?
(40:29 / All) htht: pink
(40:32 / All) htht: suck my copck
(41:18 / All) htht: hahhha
(41:24 / All) htht: pink suck my cock team killer
(43:01 / Allies) Water.Wings: 3v1 :D
(43:05 / All) Water.Wings: 3v1 :D
(43:19 / Allies) Water.Wings: teal...
(43:19 / All) LordaeronSucksD: Don't celebrate yet
(43:21 / Allies) Water.Wings: really
(44:26 / Allies) Water.Wings: sigh
(44:46 / All) LordaeronSucksD: 2v4!
(44:55 / All) LordaeronSucksD: Corrected, green
(45:02 / All) Water.Wings: who's the 2?
(45:08 / All) LordaeronSucksD: Red, and me
(45:15 / All) Water.Wings: blue doens't have a base
(45:37 / All) Water.Wings: I took his mine at start of game
(46:08 / All) Water.Wings: ....
(46:27 / All) YouWillAllDie: 2v1 wasn't fair
(46:28 / All) LordaeronSucksD: Azeroth is something else
(46:59 / Allies) damimdead: why u make the game longer for teal
(47:15 / All) Water.Wings: I'm going to watch some tv
(47:16 / All) YouWillAllDie: I only respond to all chat
(47:24 / All) Water.Wings: good luck
(47:32 / All) LordaeronSucksD: You lost, you can leave
(47:55 / All) YouWillAllDie: Sucks for you guys
(48:02 / All) YouWillAllDie: Yellow leaving means you have to lose outright
(48:05 / All) LordaeronSucksD: Yellow left and so now it is decided
(48:17 / All) LordaeronSucksD: Both are Azerothian teams so it's a shame both can't lose, since each suck
(50:32 / All) YouWillAllDie: Breakin' the law, breakin' the law
(50:41 / All) YouWillAllDie: You can't run from me red
(52:34 / All) YouWillAllDie: Apt name red
(52:35 / All) YouWillAllDie: So is mine
(53:20 / Allies) damimdead: wow teal you really need a life
(53:27 / All) YouWillAllDie: I only respond to all chat
(53:31 / Allies) damimdead: go ahead i go shower sad fuck lol
(53:42 / Allies) damimdead: then go kill pink
(53:52 / All) YouWillAllDie: I only respond to all chat
(55:45 / Allies) damimdead: pink kikll faster then u lol
(56:32 / All) YouWillAllDie: Are you enjoying watching yourself lose?
(58:08 / All) YouWillAllDie: Red how old are you?
(58:15 / All) YouWillAllDie: You're either 12 or legally retarded